 Dungeon Crawl Stone Soup version 0.27-a0-1139-g28e009f8a6 (webtiles) character file.

Game seed: 14830639340074691476

154048 HoaS the Warrior (level 17, -23/115 HPs)
             Began as a Gargoyle Gladiator on May 7, 2021.
             Was the Champion of Okawaru.
             Annihilated by a wolf spider (25 damage)
             ... on level 4 of the Spider Nest on May 8, 2021.
             The game lasted 01:14:40 (27343 turns).

HoaS the Warrior (Gargoyle Gladiator)              Turns: 27343, Time: 01:14:41

Health: -23/115    AC: 33    Str: 28    XL:     17   Next: 61%
Magic:  0/24       EV: 12    Int: 17    God:    Okawaru [******]
Gold:   1749       SH:  0    Dex: 14    Spells: 16/16 levels left

rFire    . . .     SeeInvis .   w - +8 shortbow "Tumif" {venom, Int+6}
rCold    . . .     Faith    .   (shield currently unavailable)
rNeg     + + .     Spirit   +   x - +0 plate armour of Depression {Regen+ Str+3}
rPois    ∞         Reflect  .   X - +2 hat of the Bear Spirit {Spirit, +Rage rN+ Will++}
rElec    +         Harm     .   p - +2 cloak "Tyaxkonu" {rCorr Str+2 Dex+3}
rCorr    +         Rampage  .   F - +2 pair of gloves
Will     +++..                  k - +2 pair of boots
Stlth    ..........             D - amulet of regeneration
HPRegen  2.29/turn              L - +4 ring of slaying
MPRegen  0.19/turn              K - +4 ring of slaying

@: corroded, flying, slowed, studying Ice Magic, very slow
A: sickness immunity, AC +12, big wings, negative energy resistance 1,
electricity resistance, torment resistance 1, unbreathing 1, petrification
resistance
a: Renounce Religion, Evoke Berserk Rage, Heroism, Finesse


You were on level 4 of the Spider Nest.
You worshipped Okawaru.
Okawaru was exalted by your worship.
You visited 5 branches of the dungeon, and saw 28 of its levels.
You also visited: Ossuary, Gauntlet and Ice Cave.

You collected 4070 gold pieces.
You spent 2321 gold pieces at shops.

Inventory:

Hand Weapons
 e - a +2 spectral quarterstaff
 q - a +1 lajatang of electrocution
 s - a +0 longbow of freezing
 w - the +8 shortbow "Tumif" (weapon) {venom, Int+6}
   (Okawaru gifted it to you on level 6 of the Lair of Beasts)

   It poisons the ammo it fires.
   It affects your intelligence (+6).
Missiles
 d - 2 throwing nets
 o - 468 arrows (quivered ammo)
Armour
 k - a +2 pair of boots (worn)
 p - the +2 cloak "Tyaxkonu" (worn) {rCorr Str+2 Dex+3}
   (You bought it in a shop on level 3 of the Dungeon)

   It affects your strength (+2).
   It affects your dexterity (+3).
   It protects you from acid and corrosion.
 x - the +0 plate armour of Depression (worn) {Regen+ Str+3}
   (You bought it in a shop on level 3 of the Dungeon)

   It affects your strength (+3).
   It increases your rate of health regeneration.
 F - a +2 pair of gloves (worn)
 X - the +2 hat of the Bear Spirit (worn) {Spirit, +Rage rN+ Will++}
   (You bought it in a shop on level 2 of the Orcish Mines)

   It protects you from negative energy.
   It lets you go berserk.
   It greatly increases your willpower.
Jewellery
 b - a ring of see invisible
 f - a ring of positive energy
 j - a +4 ring of evasion
 l - a ring of protection from cold
 B - a +6 ring of dexterity
 D - an amulet of regeneration (around neck)
 G - a ring of fire
 K - a +4 ring of slaying (right hand)
 L - a +4 ring of slaying (left hand)
 O - the ring "Evoe" {Will+ Stlth+}
   (You found it on level 2 of the Lair of Beasts)

   [ring of willpower]

   It increases your willpower.
   It makes you more stealthy.
 Q - a ring of resist corrosion
 U - a +6 ring of dexterity
 V - a +6 ring of strength
Wands
 J - a wand of acid (14)
Scrolls
 c - a scroll of magic mapping
 h - a scroll of holy word
 n - 11 scrolls of teleportation
 r - 5 scrolls of fear
 u - a scroll of fog
 y - 3 scrolls of blinking
 E - 4 scrolls of identify
 H - 2 scrolls of summoning
 W - 5 scrolls of enchant armour
Potions
 g - 8 potions of cancellation
 i - 6 potions of heal wounds
 m - 3 potions of ambrosia
 t - 4 potions of lignification
 v - 3 potions of attraction
 z - a potion of resistance
 A - 5 potions of haste
 C - a potion of might
 N - 2 potions of invisibility
 P - 2 potions of mutation
 R - 15 potions of curing
 T - 3 potions of berserk rage


   Skills:
 + Level 16.1 Fighting
 - Level 14.0 Staves
 * Level 13.1 Bows
 - Level 1.7 Throwing
 + Level 13.5 Armour
 + Level 11.1 Dodging
 - Level 10.0 Invocations


You had 16 spell levels left.
You didn't know any spells.
Your spell library contained the following spells:

 Spells                   Type           Power      Damage    Failure   Level
 Animate Skeleton         Necr           0%         N/A       83%         1
 Apportation              Tloc           0%         N/A       83%         1
 Corona                   Hex            0%         N/A       83%         1
 Freeze                   Ice            0%         1d3       83%         1
 Magic Dart               Conj           0%         1d3       83%         1
 Shock                    Conj/Air       0%         1d3       83%         1
 Sting                    Tmut/Pois      0%         1d3       83%         1
 Summon Small Mammal      Summ           0%         N/A       83%         1
 Blink                    Tloc           N/A        N/A       93%         2
 Call Imp                 Summ           0%         N/A       93%         2
 Ensorcelled Hibernation  Hex/Ice        0%         N/A       93%         2
 Poisonous Vapours        Pois/Air       0%         N/A       93%         2
 Slow                     Hex            0%         N/A       93%         2
 Static Discharge         Conj/Air       0%         N/A       93%         2
 Confusing Touch          Hex            0%         N/A       99%         3
 Conjure Flame            Conj/Fire      0%         6-21      99%         3
 Dazzling Flash           Conj/Hex       0%         N/A       99%         3
 Frozen Ramparts          Ice            0%         1d2       99%         3
 Gell's Gravitas          Tloc           0%         N/A       99%         3
 Mephitic Cloud           Conj/Pois/Air  0%         N/A       99%         3
 Ozocubu's Armour         Ice            0%         N/A       99%         3
 Portal Projectile        Hex/Tloc       0%         N/A       99%         3
 Swiftness                Air            0%         N/A       99%         3
 Tukima's Dance           Hex            0%         N/A       99%         3
 Airstrike                Air            0%         N/A       100%        4
 Animate Armour           Summ/Erth      0%         N/A       100%        4
 Hailstorm                Conj/Ice       0%         3d3       100%        4
 Ice Form                 Ice/Tmut       0%         N/A       100%        4
 Leda's Liquefaction      Hex/Erth       0%         N/A       100%        4
 Passage of Golubria      Tloc           N/A        N/A       100%        4
 Petrify                  Tmut/Erth      0%         N/A       100%        4
 Bolt of Magma            Conj/Fire/Erth 0%         4d4       100%        5
 Hydra Form               Tmut           0%         N/A       100%        5
 Irradiate                Conj/Tmut      0%         3d13      100%        5
 Lightning Bolt           Conj/Air       0%         1d11      100%        5
 Manifold Assault         Tloc           0%         N/A       100%        5
 Metabolic Englaciation   Hex/Ice        0%         N/A       100%        5
 Yara's Violent Unravell  Hex/Tmut       0%         3d3       100%        5
 Dispersal                Tloc           0%         N/A       100%        6
 Freezing Cloud           Conj/Ice/Air   0%         6-21      100%        6
 Iron Shot                Conj/Erth      0%         9d1       100%        6
 Disjunction              Tloc           0%         N/A       100%        8
 Shatter                  Erth           0%         3d5*      100%        9
 Statue Form              Tmut/Erth      Unusable   N/A       N/A         6

Dungeon Overview and Level Annotations

Branches:
Dungeon (15/15)            Temple (1/1) D:5            Lair (6/6) D:10
 Shoals (0/4) Lair:2       Spider (4/4) Lair:3        Slime (0/5) Lair:5
    Orc (2/2) D:10            Elf (0/3) Orc:2        Vaults (0/5) D:13
 Depths (0/5) D:15        Ossuary (visited)           IceCv (visited)
Gauntlet (visited)

Altars:
Ashenzari
Cheibriados
Dithmenos
Elyvilon
Fedhas
Gozag
Hepliaklqana
Kikubaaqudgha
Makhleb
Nemelex Xobeh
Okawaru
Qazlal
Ru
Sif Muna
Trog
Uskayaw
Vehumet
Wu Jian
Xom
Yredelemnul
Zin
The Shining One
Beogh

Shops:
D:3 [   D:10 =   Orc:2 ?=[[?


Innate Abilities, Weirdness & Mutations

You are immune to sickness and miasma.
Your stone body is resilient. (AC +12)
You are immune to poison.
Your large and strong wings let you fly.
You resist negative energy. (rN+)
You are resistant to electric shocks. (rElec)
You are resistant to unholy torment.
You can survive without breathing.
You are immune to petrification.


Message History

The redback bites you but does no damage. x2
The wolf spider hits you but does no damage.
The wolf spider bites you but does no damage.
The jumping spider pounces on you!
* * * LOW HITPOINT WARNING * * *
The jumping spider bites you but does no damage.
The moth of wrath bites you.
* * * LOW HITPOINT WARNING * * *
The tarantella closely misses you. The redback bites you!
* * * LOW HITPOINT WARNING * * *
The redback completely misses you. The wolf spider hits you.
* * * LOW HITPOINT WARNING * * *
The wolf spider bites you!
* * * LOW HITPOINT WARNING * * *
The moth of wrath misses you. The jumping spider pounces on you.
* * * LOW HITPOINT WARNING * * *
The jumping spider barely misses you.
The tarantella bites you but does no damage.
The redback bites you but does no damage. x2
The jumping spider rages.
You are too confused!
You feel much better.
You feel less confused. The wolf spider barely misses you.
The wolf spider bites you!
The jumping spider completely misses you.
The jumping spider bites you but does no damage.
The tarantella closely misses you.
The redback bites you but does no damage. x2
The wolf spider hits you.
* * * LOW HITPOINT WARNING * * *
The wolf spider bites you!
* * * LOW HITPOINT WARNING * * *
The jumping spider pounces on you but does no damage.
The jumping spider bites you but does no damage.
The tarantella closely misses you. The redback barely misses you.
The redback bites you!
* * * LOW HITPOINT WARNING * * *
The moth of wrath bites you but does no damage.
The wolf spider hits you!!
You die...

##.^.## #^...<#
#.#(.††##
#.......##
#........#
#^........##
###.#......##
#.......s.y##
###^....s@sB##
#......sssss#
##.^...^swy.s....
.........s(s.....
....#.......(....
.........#...(.#.
........^.(...(.(
.)......#^(.(....
...... .......


You could see an entropy weaver, a spark wasp, a torpor snail, 2 wolf spiders, a
moth of wrath, 2 orb spiders, 4 jumping spiders, 2 tarantellas and 2 redbacks.

Vanquished Creatures
  Rupert (D:13)
  Gastronok (Orc:1)
  Frances (D:12)
  Roxanne (D:14)
  An azure jelly (IceCv)
  4 emperor scorpions
  3 quicksilver oozes (IceCv)
  An ironbound preserver (D:13)
  A stone giant (D:15)
  The ghost of rigao the Thaumaturge, a journeyman GnWn of Fedhas (Lair:5)
  4 entropy weavers
  A minotaur (Gauntlet)
  Snorg (Lair:6)
  Josephine (D:14)
  3 boulder beetles
  A rakshasa (D:14)
  9 hydras
  A ghost crab (Gauntlet)
  2 ogre magi
  4 centaur warriors
  11 two-headed ogres
  3 catoblepae (Lair:6)
  A death knight (D:11)
  5 tengu warriors
  9 death yaks
  Urug (D:11)
  An orc high priest (Orc:1)
  Sonja (Orc:1)
  4 skeletal warriors (D:14)
  The ghost of Thantalas the Digger, a novice GrEE of Vehumet (D:6)
  5 orc knights
  9 orb spiders
  2 deep elf pyromancers
  Pikel (D:4)
  12 wolf spiders
  4 cyclopes
  2 oklob plants (Lair:5)
  11 orc sorcerers (Orc:2)
  6 manticores
  6 ugly things (D:15)
  2 moths of wrath (Spider:1)
  12 elephants
  A black mamba (shapeshifter) (D:13)
  2 molten gargoyles (D:11)
  2 ice statues (IceCv)
  5 black mambas
  A gargoyle (D:7)
  8 cane toads
  6 torpor snails
  3 kobold demonologists
  3 tengu conjurers
  4 demonic crawlers
  3 rime drakes
  4 komodo dragons
  3 efreet
  A very ugly thing simulacrum (IceCv)
  2 entropy weaver simulacra (IceCv)
  6 trolls
  A freezing wraith (D:11)
  2 polar bears
  A merfolk (Lair:2)
  13 jumping spiders
  4 hornets
  25 slime creatures
  18 blink frogs
  A meliai zombie (D:11)
  11 dream sheep
  3 vampires
  2 shadows
  15 tarantellas
  6 wyverns
  39 redbacks
  7 wraiths
  67 yaks
  Sigmund (D:4)
  5 basilisks
  9 vampire mosquitoes (D:12)
  A steam dragon (D:6)
  3 swamp worms (Gauntlet)
  8 wargs
  2 demonic crawler simulacra (IceCv)
  21 water moccasins
  2 hornet zombies
  5 black bears
  2 ice beasts (D:5)
  7 ogres
  15 orc warriors
  A black bear (shapeshifter) (D:11)
  2 ugly thing simulacra (IceCv)
  4 boggarts (Lair:6)
  A necrophage (D:7)
  25 wolves
  12 centaurs
  3 lemures (D:4)
  6 kobold brigands
  2 gnoll sergeants (D:9)
  6 scorpions
  3 water moccasin zombies
  12 bullfrogs
  A wyvern zombie (Ossuary)
  4 glowing shapeshifter simulacra (IceCv)
  2 water moccasin skeletons (D:5)
  A wyvern skeleton (D:7)
  12 killer bees
  5 electric eels
  5 wights (D:7)
  2 howler monkeys (D:10)
  7 lava snakes
  4 crimson imps (D:4)
  6 centaur zombies
  5 bullfrog zombies (Ossuary)
  A hound (D:7)
  2 jellies
  2 centaur skeletons (D:7)
  2 orc priests
  4 iguanas
  30 orc wizards
  3 killer bee zombies (Ossuary)
  A hound zombie (D:5)
  3 hound skeletons
  15 mummies (Ossuary)
  4 howler monkey zombies
  11 gnolls
  5 adders
  2 shadow imps
  A white imp (D:7)
  An ufetubus (D:4)
  3 adder skeletons (D:4)
  3 worms
  56 orcs
  9 ball pythons
  11 endoplasms
  4 giant cockroaches (D:1)
  10 goblins
  9 hobgoblins
  8 jackals
  3 quokkas (D:1)
  2 bats
  6 frilled lizards
  15 kobolds
  8 rats
  A plant (Lair:5)
867 creatures vanquished.

Vanquished Creatures (others)
  A blink frog (Lair:5)
  A gnoll sergeant (D:12)
  5 gnolls (D:12)
  An orc (Orc:2)
  22 fungi
  20 plants
  5 withered plants (Ossuary)
55 creatures vanquished.

Grand Total: 922 creatures vanquished

Notes
Turn   | Place    | Note
-------+----------+-------------------------------------------
     0 | D:1      | HoaS the Gargoyle Gladiator began the quest for the Orb.
     0 | D:1      | Reached XP level 1. HP: 12/12 MP: 1/1
    56 | D:1      | Reached XP level 2. HP: 17/17 MP: 2/2
   564 | D:1      | Reached XP level 3. HP: 21/21 MP: 3/3
  1366 | D:1      | Reached XP level 4. HP: 17/26 MP: 4/4
  1486 | D:1      | Reached skill level 5 in Staves
  2175 | D:2      | Reached XP level 5. HP: 30/30 MP: 5/5
  2390 | D:2      | Found a faded altar of an unknown god.
  2764 | D:3      | Found Zerhese's Antique Armour Emporium.
  3325 | D:4      | Reached XP level 6. HP: 19/35 MP: 6/6
  3352 | D:4      | Found an iron altar of Okawaru.
  3353 | D:4      | Found a blossoming altar of Fedhas.
  3355 | D:4      | Found a radiant altar of Vehumet.
  3358 | D:4      | Became a worshipper of Warmaster Okawaru
  3486 | D:4      | Reached skill level 1 in Invocations
  3545 | D:4      | Noticed Sigmund
  3568 | D:4      | Killed Sigmund
  3568 | D:4      | Reached * piety under Okawaru
  3665 | D:4      | Noticed Pikel
  3700 | D:4      | Killed Pikel
  3701 | D:4      | Reached XP level 7. HP: 20/40 MP: 7/9
  3701 | D:4      | Reached XP level 8. HP: 22/44 MP: 7/10
  3704 | D:4      | Found a sand-covered staircase.
  3710 | Ossuary  | Entered an ossuary
  3846 | Ossuary  | Reached ** piety under Okawaru
  3921 | Ossuary  | Reached skill level 10 in Staves
  4259 | Ossuary  | Reached XP level 9. HP: 33/48 MP: 11/11
  4698 | D:4      | Found a shimmering altar of Xom.
  4716 | D:4      | Reached *** piety under Okawaru
  4855 | D:5      | Entered Level 5 of the Dungeon
  4864 | D:5      | Identified a scroll of acquirement
  4864 | D:5      | Acquired 649 gold pieces
  4918 | D:3      | Bought a bloodstained plate armour for 504 gold pieces
  4918 | D:3      | Identified the +0 plate armour of Depression {Regen+ Str+3}
                  | (You bought it in a shop on level 3 of the Dungeon)
  4930 | D:3      | Bought a steaming cloak for 171 gold pieces
  4930 | D:3      | Identified the +2 cloak "Tyaxkonu" {rCorr Str+2 Dex+3} (You
                  | bought it in a shop on level 3 of the Dungeon)
  5669 | D:5      | Found a staircase to the Ecumenical Temple.
  5685 | Temple   | Entered the Ecumenical Temple
  6679 | D:6      | Found a glowing silver altar of Zin.
  6679 | D:6      | Found an opulent altar of Gozag.
  7010 | D:6      | Found a runed translucent door.
  7011 | D:6      | Noticed Thantalas's ghost (novice GrEE)
  7258 | D:7      | Reached **** piety under Okawaru
  7283 | D:7      | Reached XP level 10. HP: 53/53 MP: 12/12
  7715 | D:7      | Noticed a gargoyle
  7752 | D:7      | Noticed a cyclops
  7971 | D:7      | Killed a cyclops
  7972 | D:7      | Reached skill level 3 in Fighting
  7972 | D:7      | Reached skill level 1 in Armour
  7981 | D:7      | Killed a gargoyle
  8478 | D:8      | Reached ***** piety under Okawaru
  8479 | D:8      | Reached skill level 4 in Fighting
  8611 | D:8      | Noticed a two-headed ogre
  8650 | D:8      | Killed a two-headed ogre
  8650 | D:8      | Received a gift from Okawaru
  8651 | D:8      | Reached skill level 5 in Fighting
  8651 | D:8      | Reached XP level 11. HP: 34/64 MP: 12/14
  9148 | D:8      | Noticed a manticore
  9157 | D:8      | Killed a manticore
  9158 | D:8      | Reached skill level 6 in Fighting
  9158 | D:8      | Reached skill level 5 in Invocations
  9162 | D:8      | Noticed a cyclops
  9171 | D:8      | Noticed a cyclops
  9173 | D:8      | Killed a cyclops
  9182 | D:8      | Killed a cyclops
  9532 | D:8      | Identified the +4 scimitar "Xuufar" {protect, Will+ Dex+4}
  9988 | D:9      | Reached skill level 7 in Fighting
 10310 | D:10     | Entered Level 10 of the Dungeon
 10411 | D:10     | Found a staircase to the Lair.
 10473 | D:9      | Reached skill level 5 in Armour
 10519 | D:10     | Reached skill level 8 in Fighting
 10536 | D:10     | Noticed a three-headed hydra
 10544 | D:10     | Killed a three-headed hydra
 10602 | D:10     | Reached skill level 5 in Dodging
 10711 | D:10     | Reached XP level 12. HP: 75/75 MP: 15/17
 10950 | D:10     | Found a staircase to the Orcish Mines.
 11002 | D:10     | Found a broken altar of Ashenzari.
 11002 | D:10     | Found an ornate altar of the Wu Jian Council.
 11078 | D:10     | Found Worem's Jewellery Shoppe.
 11198 | D:11     | Reached skill level 9 in Fighting
 11225 | D:11     | Received a gift from Okawaru
 11262 | D:11     | Noticed a two-headed ogre
 11280 | D:11     | Killed a two-headed ogre
 11431 | D:11     | Noticed Urug
 11452 | D:11     | Killed Urug
 11466 | D:11     | Reached skill level 10 in Fighting
 11517 | D:11     | Noticed a two-headed ogre
 11534 | D:11     | Killed a two-headed ogre
 11558 | D:11     | Identified the Handbook of Nocuous Moulding
 11640 | D:11     | Noticed a death knight
 11681 | D:11     | Killed a death knight
 11718 | D:11     | Noticed a boulder beetle
 11914 | D:11     | Noticed a seven-headed hydra
 12007 | Lair:1   | Entered Level 1 of the Lair of Beasts
 12442 | Lair:1   | Received a gift from Okawaru
 12443 | Lair:1   | Found the +3 warlock's mirror {reflect}
 12585 | Lair:1   | Reached skill level 11 in Fighting
 13109 | Lair:2   | Identified the ring "Evoe" {Will+ Stlth+}
 13206 | Lair:2   | Reached XP level 13. HP: 84/84 MP: 19/19
 13829 | Lair:2   | Found a staircase to the Shoals.
 14446 | Lair:3   | Found a hole to the Spider Nest.
 14477 | Lair:3   | Reached ****** piety under Okawaru
 14628 | Lair:4   | Acquired a +2 lajatang of pain
 14661 | Lair:4   | Reached skill level 12 in Fighting
 14733 | Lair:4   | Received a gift from Okawaru
 14782 | Lair:4   | Found a frozen archway.
 14788 | IceCv    | Entered an ice cave
 14812 | IceCv    | Noticed a quicksilver ooze
 14826 | IceCv    | Killed a quicksilver ooze
 14980 | IceCv    | Noticed a quicksilver ooze
 14987 | IceCv    | Killed a quicksilver ooze
 15075 | IceCv    | Reached skill level 13 in Fighting
 15098 | IceCv    | Found a viscous altar of Jiyva.
 15098 | IceCv    | Noticed an azure jelly
 15110 | IceCv    | Killed an azure jelly
 15111 | IceCv    | Reached skill level 10 in Invocations
 15111 | IceCv    | Gained mutation: Your large and strong wings let you fly.
                  | [Gargoyle growth]
 15111 | IceCv    | Reached XP level 14. HP: 52/94 MP: 18/21
 15111 | IceCv    | Noticed a quicksilver ooze
 15115 | IceCv    | Killed a quicksilver ooze
 15133 | IceCv    | Identified the +8 rapier "Butwua" {pain, rC+ Int+4 Dex+2}
 15135 | IceCv    | Got the ring of Ixo Sunehel {Ice rCorr Dex+4}
 15266 | Lair:4   | Reached skill level 1 in Bows
 16093 | Lair:5   | Noticed rigao's ghost (journeyman GnWn)
 16287 | D:6      | Killed Thantalas's ghost
 16637 | Lair:5   | Found a staircase to the Slime Pits.
 16721 | Lair:5   | Reached skill level 10 in Armour
 16721 | Lair:5   | Received a gift from Okawaru
 16891 | Lair:5   | Found a runed translucent gate.
 16891 | Lair:5   | Found a runed translucent gate.
 16891 | Lair:5   | Found a runed translucent gate.
 17190 | Lair:5   | Killed rigao's ghost
 17274 | Lair:6   | Entered Level 6 of the Lair of Beasts
 17274 | Lair:6   | Noticed Snorg
 17338 | Lair:6   | Killed Snorg
 17346 | Lair:6   | Reached skill level 5 in Bows
 17657 | Lair:6   | Found a dark tunnel.
 17737 | Lair:6   | Reached skill level 14 in Fighting
 17752 | Lair:6   | Identified the +8 shortbow "Tumif" {venom, Int+6} (Okawaru
                  | gifted it to you on level 6 of the Lair of Beasts)
 17752 | Lair:6   | Received a gift from Okawaru
 17801 | Lair:6   | Reached XP level 15. HP: 100/100 MP: 14/22
 18001 | Lair:6   | Received a gift from Okawaru
 18740 | D:12     | Identified the +0 scale mail of Cynicism {rPois}
 19132 | D:12     | Noticed Frances
 19142 | D:12     | Killed Frances
 19342 | D:12     | You are sucked into a shaft and drop 3 floors!
 19342 | D:15     | Entered Level 15 of the Dungeon
 19359 | D:15     | Found a staircase to the Depths.
 20064 | D:15     | Found an ornate altar of the Wu Jian Council.
 20142 | D:15     | Received a gift from Okawaru
 20175 | D:15     | Paralysed by something for 4 turns
 20416 | D:14     | Noticed Roxanne
 20434 | D:14     | Killed Roxanne
 20453 | D:14     | Found a gate leading to a gauntlet.
 20460 | Gauntlet | Entered a Gauntlet
 20460 | Gauntlet | Found a transporter.
 20470 | Gauntlet | Found a transporter.
 20473 | Gauntlet | Found a transporter.
 20484 | Gauntlet | Found a transporter.
 20487 | Gauntlet | Found a transporter.
 20494 | Gauntlet | Noticed a cacodemon
 20496 | Gauntlet | Found a transporter.
 20517 | Gauntlet | Found a transporter.
 20518 | Gauntlet | Found a runed translucent door.
 20528 | Gauntlet | Found a transporter.
 20540 | Gauntlet | Found a transporter.
 20541 | Gauntlet | Noticed a cacodemon
 20559 | Gauntlet | Found a transporter.
 20572 | Gauntlet | Found a transporter.
 20573 | Gauntlet | Found a transporter.
 20637 | Gauntlet | Found a runed translucent door.
 20640 | Gauntlet | Found a transporter.
 20641 | Gauntlet | Found a transporter.
 20643 | Gauntlet | Found a runed translucent door.
 20781 | Gauntlet | Identified the +0 helmet of Plasticity {+Inv rElec Will+}
 20822 | Gauntlet | Reached XP level 16. HP: 98/107 MP: 23/23
 20883 | Gauntlet | Identified the +12 flail of Grim Tender Mercy {vamp, Dex+4
                  | Stlth+}
 20883 | Gauntlet | Identified the +7 hunting sling of Arbitration {flame,
                  | Will+}
 20883 | Gauntlet | Identified the +1 gold dragon scales "Naympoic" {rPois rF+
                  | rC+ rCorr}
 20883 | Gauntlet | Identified the +0 kite shield "Mosaowoi" {rN+}
 20915 | Gauntlet | Identified the +1 chain mail of the Harvest {+Blink rC+
                  | Str+4}
 21014 | D:14     | Reached skill level 10 in Bows
 21048 | D:14     | Reached skill level 15 in Fighting
 21050 | D:14     | Noticed Josephine
 21061 | D:14     | Killed Josephine
 21397 | D:14     | Reached skill level 10 in Dodging
 21675 | D:13     | Received a gift from Okawaru
 21767 | D:13     | Noticed Rupert
 21808 | D:13     | Killed Rupert
 22541 | D:13     | Found a gate to the Vaults.
 22849 | Orc:1    | Entered Level 1 of the Orcish Mines
 22849 | Orc:1    | Noticed Gastronok
 22860 | Orc:1    | Killed Gastronok
 23059 | Orc:1    | Received a gift from Okawaru
 23521 | Orc:2    | Entered Level 2 of the Orcish Mines
 23688 | Orc:2    | Paralysed by an orc sorcerer for 6 turns
 23783 | Orc:2    | Found Besiddi's Magic Scroll Emporium.
 23811 | Orc:2    | Found an ancient bone altar of Kikubaaqudgha.
 23886 | Orc:2    | Found a radiant altar of Vehumet.
 23889 | Orc:2    | Found Xoaguoni's Jewellery Emporium.
 23939 | Orc:2    | Found Hid Tac's Antique Armour Emporium.
 23963 | Orc:2    | Found Eziemir's Magic Scroll Shoppe.
 23979 | Orc:2    | Bought a scroll of enchant armour for 97 gold pieces
 23979 | Orc:2    | Bought a scroll of enchant armour for 97 gold pieces
 24211 | Orc:2    | Found Veow's Antique Armour Emporium.
 24215 | Orc:2    | Found a staircase to the Elven Halls.
 24226 | Orc:2    | Bought the +2 hat of the Bear Spirit {Spirit, +Rage rN+
                  | Will++} for 1212 gold pieces
 24226 | Orc:2    | Found the +2 hat of the Bear Spirit {Spirit, +Rage rN+
                  | Will++}
 24287 | Orc:2    | Bought a scroll of enchant armour for 120 gold pieces
 24287 | Orc:2    | Bought a scroll of enchant armour for 120 gold pieces
 24405 | Orc:1    | Noticed Sonja
 24414 | Orc:1    | Killed Sonja
 24664 | Spider:1 | Entered Level 1 of the Spider Nest
 24813 | Spider:1 | Reached XP level 17. HP: 108/113 MP: 22/24
 25136 | Spider:1 | Received a gift from Okawaru
 25162 | Spider:1 | Acquired a +0 lajatang of electrocution
 26563 | Spider:3 | Reached skill level 16 in Fighting
 27271 | Spider:4 | Entered Level 4 of the Spider Nest
 27331 | Spider:4 | Received a gift from Okawaru
 27342 | Spider:4 | HP: 5/115 [wolf spider (6)]
 27343 | Spider:4 | HP: 2/115 [redback (10)]
 27343 | Spider:4 | Annihilated by a wolf spider

Illustrated notes

Levels and vault maps discovered:
D:1:      elethiomel_arrival_infinity_welcomes_careful_drivers, layout_basic,
          minmay_pentomino_q4
D:2:      layout_basic, shapermc_ecumenical_altar_hornbeckon, glass_columns_c,
          minmay_tiny_reverse_x
D:3:      layout_rooms, serial_shops, nicolae_shop_waterfront,
          minmay_misc_feat_nine_boxes, minmay_quantized
D:4:      layout_loops_ring, grunt_temple_overflow_open, led_xom_imps,
          lightli_ossuary_entry_decrepit_ruins, uniq_pikel, uniq_sigmund
D:5:      minmay_skewed_foursquare, layout_loops_corners,
          minmay_temple_entry_hall
D:6:      layout_basic, grunt_temple_overflow_gold_and_silver,
          ebering_ghost_sewer_d
D:7:      minmay_slanted_spiral_squares, layout_cave_pools,
          nicolae_water_bricks, corexii_hall_statues_i,
          minmay_misc_feat_ornament
D:8:      minmay_blocky_corners, layout_layer_cave
D:9:      layout_roguey
D:10:     layout_cave_pools, gammafunk_temple_overflow_statue,
          david_lair_generic, orc_0_dummy, serial_shops, kennysheep_little_box,
          hangedman_ranch
D:11:     cheibrodos_magma_flow, layout_cave_pools, minivault_12, uniq_urug
D:12:     layout_irregular_city, lemuel_flamethrower_hall, uniq_frances
D:13:     layout_long_grid, skrybe_vaults_entry_preservation, uniq_rupert
D:14:     layout_rooms, serial_curves, eino_curves_04, eino_curves_02,
          eino_curves_01, minivault_19, gauntlet_entry_generic,
          kennysheep_cluttered_room, nooodl_orcs_dogs, uniq_josephine,
          uniq_roxanne
D:15:     grunt_enter_depths_giant_problem, layout_loops_corners,
          nzn_wu_jian_contemplation
Temple:   dpeg_chambers_temple
Lair:1:   layout_layer_cave
Lair:2:   layout_hall_layers, elwin_shoals_entry_rooms,
          infiniplex_staircase_pool, serial_bayou_shore_a
Lair:3:   layout_cave_shapes, dummy_spider_entry, nicolae_quartered_pool_super,
          beast_lair_carwin_11
Lair:4:   layout_regular_city, portal_ice_cave_rime
Lair:5:   layout_roguey, nicolae_slime_entry_slimehenge, gammafunk_ghost_split,
          grunt_forest_small_clearing_treed, minmay_lair_oklob_chamber
Lair:6:   evilmike_catoblepas_cave, layout_gridlike,
          nicolae_volcano_entry_lava_flow, kilobyte_rumbling_trees, uniq_snorg
Spider:1: nicolae_spider_hilbert_zone_1 [nicolae_spider_hilbert_4_sides_1_open,
          nicolae_spider_hilbert_4_sides_1_open,
          nicolae_spider_hilbert_4_sides_1_open,
          nicolae_spider_hilbert_4_sides_1_open,
          nicolae_spider_hilbert_3_sides_1_open,
          nicolae_spider_hilbert_3_sides_1_open,
          nicolae_spider_hilbert_3_sides_1_open,
          nicolae_spider_hilbert_3_sides_1_open,
          nicolae_spider_hilbert_3_sides_1_open,
          nicolae_spider_hilbert_6_sides_1_open,
          nicolae_spider_hilbert_6_sides_1_open,
          nicolae_spider_hilbert_3_sides_1_open,
          nicolae_spider_hilbert_3_sides_1_open,
          nicolae_spider_hilbert_3_sides_1_open,
          nicolae_spider_hilbert_3_sides_1_open,
          nicolae_spider_hilbert_2_sides_1_open]
Spider:2: layout_spider_delve
Spider:3: layout_spider_delve, drop_trap
Spider:4: johnstein_spider_rune_arachne_lair, nicolae_spider_moth_buddies
Orc:1:    layout_caves, basic_altar, bh_open_orc_temple, uniq_gastronok,
          uniq_sonja
Orc:2:    kennysheep_orc_mage_school, layout_caves, serial_shops, shop

Skill      XL: |  1  2  3  4  5  6  7  8  9 10 11 12 13 14 15 16 17 |
---------------+----------------------------------------------------+-----
Staves         | 4 5 6 8 11 13 14 | 14.0
Invocations    | 3 4 6 8 10 | 10.0
Fighting       | 5 8 11 13 14 15 16 | 16.1
Armour         | 3 5 7 9 10 11 12 13 | 13.5
Dodging        | 3 5 6 7 8 9 10 11 | 11.1
Bows           | 6 9 11 13 | 13.1
Throwing       | |  1.7

Action                   |  1- 3 |  4- 6 |  7- 9 | 10-12 | 13-15 | 16-18 || total
-------------------------+-------+-------+-------+-------+-------+-------++-------
Melee: Quarterstaff      |   104 |   242 |   445 |   817 |   435 |   183 ||  2226
       Lajatang          |       |       |       |       |   587 |   116 ||   703
       Shortbow          |       |       |       |       |       |     4 ||     4
 Fire: Longbow           |       |       |       |       |    27 |       ||    27
       Shortbow          |       |       |       |       |    34 |   558 ||   592
Throw: Dart              |       |     3 |       |     3 |       |       ||     6
       Throwing net      |       |       |     1 |       |       |       ||     1
       Boomerang         |       |       |       |     3 |       |       ||     3
Invok: Heroism           |       |       |       |     7 |     3 |     2 ||    12
       Finesse           |       |       |       |     2 |     2 |     2 ||     6
Evoke: Wand              |       |       |       |     1 |     3 |       ||     4
  Use: Scroll            |     2 |     6 |    10 |     8 |    12 |     2 ||    40
       Potion            |       |       |     1 |       |       |     1 ||     2
 Stab: Invisible         |       |       |     4 |       |       |       ||     4
       Held in net/web   |       |       |     1 |       |       |     1 ||     2
       Distracted        |       |       |       |     1 |     2 |       ||     3
       Confused          |       |       |       |       |     1 |       ||     1
Armor: Leather armour    |    35 |    18 |       |       |       |       ||    53
       Ring mail         |       |    35 |    86 |       |       |       ||   121
       Plate armour      |       |       |    73 |   460 |   672 |   494 ||  1699
Dodge: Dodged            |    62 |   171 |   224 |   415 |   440 |   306 ||  1618
Block: Other             |       |       |     9 |    14 |       |       ||    23

Table legend: (Time is in decaauts)
 A = Elapsed time spent in this place.
 B = Non-inter-level travel time spent in this place.
 C = Inter-level travel time spent in this place.
 D = Time resting spent in this place.
 E = Time spent auto-exploring this place.
 F = Levels seen in this place.
 G = Mean time per level.
                   A        B        C        D        E       F      G
               +--------+--------+--------+--------+--------+-----+--------+
         Total |  26269 |  24165 |   2104 |   1319 |  17372 |  31 |  847.4 |
       Dungeon |  14305 |  13054 |   1251 |    679 |   9617 |  15 |  953.7 |
        Temple |    269 |    249 |     20 |      0 |    249 |   1 |  269.0 |
          Lair |   5832 |   5256 |    576 |     14 |   4187 |   6 |  972.0 |
   Spider Nest |   2553 |   2468 |     85 |    183 |   1731 |   4 |  638.2 |
  Orcish Mines |   1667 |   1495 |    172 |      5 |   1132 |   2 |  833.5 |
       Ossuary |    797 |    797 |      0 |    397 |    105 |   1 |  797.0 |
      Ice Cave |    401 |    401 |      0 |     40 |    101 |   1 |  401.0 |
      Gauntlet |    441 |    441 |      0 |      0 |    250 |   1 |  441.0 |
               +--------+--------+--------+--------+--------+-----+--------+

Top non-repeatable levels by time:
     D:1: 1448 daAuts
     D:8: 1362 daAuts
  Lair:1: 1230 daAuts
Spider:1: 1158 daAuts
  Lair:6: 1062 daAuts
  Lair:4: 1044 daAuts
     D:2: 1000 daAuts
     D:5: 995 daAuts
     D:7: 972 daAuts
     D:6: 963 daAuts
  Lair:2: 946 daAuts
    D:15: 941 daAuts
    D:13: 928 daAuts
  Lair:5: 923 daAuts
     D:4: 890 daAuts
